 Dungeon Crawl Stone Soup version 0.21.0-3-g78d12a8 (webtiles) character file.

281 MTVSty1e the Chopper (level 6, -2/51 HPs)
             Began as a Draconian Berserker on Jan 12, 2018.
             Was a Believer of Trog.
             Slain by kegs's ghost (10 damage)
             ... on level 4 of the Dungeon.
             The game lasted 00:04:15 (3089 turns).

MTVSty1e the Chopper (Draconian Berserker)          Turns: 3089, Time: 00:04:16

Health: -2/51      AC:  6    Str: 26    XL:     6   Next: 6%
Magic:  6/6        EV: 18    Int: 12    God:    Trog [**....]
Gold:   179        SH:  0    Dex: 16    Spells: 5/5 levels left

rFire    . . .     SeeInvis .   a - +1 hand axe
rCold    . . .     Gourm    .   (no shield)
rNeg     . . .     Faith    .   (armour unavailable)
rPois    .         Spirit   .   (helmet restricted)
rElec    .         Reflect  .   (no cloak)
rCorr    +         Harm     .   (no gloves)
MR       .....                  (no boots)
Stlth    ++........             (no amulet)
HPRegen  0.17/turn              f - +5 ring of intelligence
MPRegen  0.10/turn              m - ring of resist corrosion

@: mighty, agile
A: unfitting armour, cold-blooded, AC +6
a: Berserk, Trog's Hand, Burn Spellbooks, Renounce Religion


You were on level 4 of the Dungeon.
You worshipped Trog.
Trog was pleased with you.
You were not hungry.

You visited 1 branch of the dungeon, and saw 4 of its levels.

You collected 179 gold pieces.

Inventory:

Hand Weapons
 a - a +1 hand axe (weapon)
Jewellery
 d - an uncursed amulet of faith
 f - a +5 ring of intelligence (left hand)
 l - an uncursed amulet of guardian spirit {unknown}
 m - a ring of resist corrosion (right hand)
Scrolls
 c - 2 scrolls of remove curse
 g - a scroll of enchant weapon
 j - a scroll of teleportation
Potions
 h - 3 potions of curing
Comestibles
 b - 2 rations


   Skills:
 - Level 3.2 Fighting
 * Level 6.8 Axes
 - Level 2.6 Dodging


You had 5 spell levels left.
You didn't know any spells.

Dungeon Overview and Level Annotations

Branches:
Dungeon (4/15)
 Temple: D:4-7

Altars:
Dithmenos

Annotations:
D:4 kegs's ghost, novice HOFi


Innate Abilities, Weirdness & Mutations

Your plain brown scales are hard. (AC +6)
You cannot fit into any form of body armour.
You are cold-blooded and may be slowed by cold attacks.


Message History

Kegs's ghost is heavily damaged.
Kegs's ghost hits you.
You slash kegs's ghost!
Kegs's ghost is severely damaged.
Kegs's ghost whispers, "It is all a dream - a grotesque and foolish dream."
Kegs's ghost closely misses you.
You barely miss kegs's ghost. You tail-slap kegs's ghost!
Kegs's ghost is almost destroyed.
Kegs's ghost hits you.
You barely miss kegs's ghost.
Kegs's ghost is almost destroyed.
Kegs's ghost hits you!
* * * LOW HITPOINT WARNING * * *
You completely miss kegs's ghost.
Your tail-slap misses kegs's ghost.
Kegs's ghost is almost destroyed.
Kegs's ghost hits you but does no damage.
You hit kegs's ghost.
Your tail-slap misses kegs's ghost.
Kegs's ghost is almost destroyed.
Kegs's ghost hits you!
You die...

#.#. #.#. #...
#..## #...#
######..#
........#
.######.####
#...W@....#
#.####..#.....#
##.#.#####
#...# ##(.# ..#
#># ##


You could see kegs's ghost.

Vanquished Creatures
  Sigmund (D:3)
  Natasha (D:2)
  2 adders
  An adder skeleton (D:3)
  A worm (D:3)
  4 leopard geckos
  3 orcs (D:3)
  A ball python (D:2)
  A giant cockroach (D:1)
  8 goblins
  3 hobgoblins
  4 jackals (D:3)
  2 bats (D:3)
  4 frilled lizards
  12 kobolds
  A leopard gecko skeleton (D:4)
  9 rats
58 creatures vanquished.

Notes
Turn   | Place    | Note
-------+----------+-------------------------------------------
     0 | D:1      | MTVSty1e the Draconian Berserker began the quest for the Orb.
     0 | D:1      | Reached XP level 1. HP: 19/19 MP: 1/1
     6 | D:1      | Noticed a hound
     6 | D:1      | Noticed a crocodile
     6 | D:1      | Noticed a polar bear
     6 | D:1      | Noticed a wyvern
   189 | D:1      | Reached XP level 2. HP: 26/26 MP: 2/2
   619 | D:2      | Reached skill level 4 in Axes
   693 | D:2      | Reached ** piety under Trog
   781 | D:2      | Found a shadowy altar of Dithmenos.
   826 | D:2      | Reached XP level 3. HP: 22/31 MP: 3/3
  1119 | D:2      | Noticed Natasha
  1128 | D:2      | Killed Natasha
  1249 | D:2      | Found a faded altar of an unknown god.
  1773 | D:3      | Reached XP level 4. HP: 31/38 MP: 4/4
  1861 | D:3      | Reached skill level 5 in Axes
  2587 | D:3      | Noticed Sigmund
  2603 | D:3      | Killed Sigmund
  2603 | D:3      | Reached skill level 6 in Axes
  2603 | D:3      | Reached XP level 5. HP: 24/45 MP: 5/5
  2603 | D:3      | Reached XP level 6. HP: 28/51 MP: 6/6
  3073 | D:4      | Noticed kegs's ghost (novice HOFi)
  3089 | D:4      | Slain by kegs's ghost

Skill      XL: |  1  2  3  4 |
---------------+-------------+-----
Axes           | 4 6 |  6.8
Fighting       | |  3.2
Dodging        | |  2.6

Action                   |  1- 3 |  4- 6 || total
-------------------------+-------+-------++-------
Melee: Hand axe          |   100 |   113 ||   213
       Tailslap          |     8 |    12 ||    20
Invok: Berserk           |       |     1 ||     1
  Use: Scroll            |     4 |     2 ||     6
       Potion            |       |     6 ||     6
 Stab: Sleeping          |     3 |     2 ||     5
  Eat: Ration            |     1 |     1 ||     2
       Chunk             |       |     1 ||     1
Armor: Skin              |    16 |    35 ||    51
Dodge: Dodged            |    61 |    64 ||   125
